 Dungeon Crawl Stone Soup version 0.19-a0-1170-g18f0c96 (webtiles) character file.

345 Gagarin the Poker (level 6, -3/48 HPs)
             Began as a Merfolk Gladiator on Aug 17, 2016.
             Was an Initiate of Qazlal.
             Slain by a sky beast (5 damage)
             ... on level 5 of the Dungeon.
             The game lasted 00:08:56 (4176 turns).

Gagarin the Poker (Merfolk Gladiator)               Turns: 4176, Time: 00:08:56

Health: -3/48      AC:  4    Str: 18    XL:     6   Next: 58%
Magic:  6/6        EV: 15    Int:  8    God:    Qazlal [......]
Gold:   231        SH:  0    Dex: 15    Spells: 0 memorised, 5 levels left

rFire  . . .     SeeInvis .     a - +0 trident
rCold  . . .     Gourm    .     b - +0 leather armour
rNeg   . . .     Faith    .     (no shield)
rPois  .         Spirit   .     c - +0 helmet
rElec  .         Dismiss  .     (no cloak)
rCorr  .         Reflect  .     (no gloves)
MR     .....     Harm     .     (no boots)
Stlth  +.........               (no amulet)
                                (no ring)
                                (no ring)

@: no status effects
A: change form in water, swift swim, strong 1
a: Renounce Religion


You were on level 5 of the Dungeon.
You worshipped Qazlal.
Qazlal was noncommittal.
You were not hungry.

You visited 1 branch of the dungeon, and saw 5 of its levels.

You collected 231 gold pieces.

Inventory:

Hand Weapons
 a - a +0 trident (weapon)
Armour
 b - a +0 leather armour (worn)
 c - a +0 helmet (worn)
 r - a +3 leather armour
Jewellery
 u - an uncursed ring of magical power {unknown}
Scrolls
 e - a scroll of amnesia {unknown}
 j - a scroll of enchant armour {unknown}
 k - 3 scrolls of identify {unknown}
 m - a scroll of immolation {unknown}
 s - a scroll of magic mapping {unknown}
 t - 2 scrolls of remove curse {unknown}
Potions
 h - a potion of cancellation
 q - a potion of mutation {unknown}
 w - a potion of ambrosia {unknown}
Comestibles
 f - 6 bread rations
 g - 3 beef jerkies
 i - a meat ration
 p - a royal jelly
 v - 3 chunks of flesh


   Skills:
 + Level 4.2 Fighting
 + Level 7.7 Polearms
 - Level 2.0 Throwing
 + Level 5.9 Dodging


You had 5 spell levels left.
You didn't know any spells.

Dungeon Overview and Level Annotations

Branches:
Dungeon (5/15)
 Temple: D:4-7

Altars:
Cheibriados
Elyvilon
Qazlal
Sif Muna
Vehumet
Xom
The Shining One

Shops:
D:4 (

Annotations:
D:5 Grinder


Innate Abilities, Weirdness & Mutations

You revert to your normal form in water.
You are very nimble and swift while swimming.
Your muscles are strong. (Str +2)


Message History

Something hits you but does no damage.
It was a potion of cancellation.
You feel magically purged. Something hits you but does no damage.
It was a potion of heal wounds.
You feel much better. Something hits you but does no damage.
Your leather armour prevents you from hitting something.
Something hits you but does no damage.
You closely miss something. Something hits you. Something shocks you.
You miss something. Something hits you. Something shocks you.
* * * LOW HITPOINT WARNING * * *
It was a potion of beneficial mutation.
You feel stronger.
You feel fantastic! Something hits you.
* * * LOW HITPOINT WARNING * * *
Something shocks you.
* * * LOW HITPOINT WARNING * * *
It was a potion of magic.
Magic courses through your body. Something hits you.
* * * LOW HITPOINT WARNING * * *
Something shocks you.
You die...

#....##......#
....###......###.# ...ยง
#.####.#.#.#
#..###...##.#...#
#........##.#.###
###.##.####.#.#
#.....(##.#.#
##.#.#{##.#.# #...#@#
#)#### #{..#.# #....#
.....#.# #.##.######
.......#.# #.(.......#
............ #.##..###.#
............ #.....<...#
.........>.. ######..####
#######.##.####..........#
#.......#######.#


There were no monsters in sight!

Vanquished Creatures
  A scorpion (D:4)
  A centaur skeleton (D:4)
  A giant frog skeleton (D:4)
  3 worker ants (D:4)
  An orc wizard (D:4)
  7 adders
  An ooze (D:1)
  4 dart slugs
  2 worms (D:2)
  3 giant geckos
  11 orcs
  6 bats
  4 giant cockroaches
  A goblin (D:1)
  4 hobgoblins
  3 jackals (D:3)
  2 ball pythons
  3 kobolds
  A quokka skeleton (D:4)
  3 rats
62 creatures vanquished.

Notes
Turn   | Place    | Note
-------+----------+-------------------------------------------
     0 | D:1      | Gagarin the Merfolk Gladiator began the quest for the Orb.
     0 | D:1      | Reached XP level 1. HP: 16/16 MP: 1/1
    44 | D:1      | Reached XP level 2. HP: 19/23 MP: 2/2
   187 | D:1      | Reached skill level 5 in Polearms
   827 | D:1      | Reached XP level 3. HP: 28/28 MP: 3/3
  1137 | D:2      | Found a snail-covered altar of Cheibriados.
  1176 | D:2      | Found a stormy altar of Qazlal.
  1184 | D:2      | Became a worshipper of Qazlal Stormbringer
  1232 | D:2      | Reached XP level 4. HP: 30/34 MP: 4/4
  1416 | D:2      | Reached skill level 6 in Polearms
  1667 | D:3      | Found a shimmering altar of Xom.
  2019 | D:3      | Reached skill level 5 in Dodging
  2227 | D:3      | Found a white marble altar of Elyvilon.
  2373 | D:3      | Found a radiant altar of Vehumet.
  2433 | D:4      | Reached XP level 5. HP: 31/41 MP: 5/5
  2831 | D:4      | Reached skill level 7 in Polearms
  3336 | D:4      | Found a deep blue altar of Sif Muna.
  3587 | D:4      | Reached XP level 6. HP: 44/48 MP: 6/6
  3690 | D:4      | Found Zoprec's Weapon Emporium.
  4069 | D:5      | Entered Level 5 of the Dungeon
  4089 | D:5      | Found a glowing golden altar of the Shining One.
  4149 | D:5      | Noticed a sky beast
  4150 | D:5      | Noticed Grinder
  4175 | D:5      | Gained mutation: Your muscles are strong. (Str +2) [potion of beneficial mutation]
  4176 | D:5      | HP: 2/48 [something (3)]
  4176 | D:5      | Slain by a sky beast

Vault maps used:
D:1:      minmay_arrival_stair_chambers, grunt_decor_arrowhead, nrook_uturn
D:2:      lemuel_crystal_altar, cheibriados_altar_1
D:3:      nicolae_overflow_crystal_walls, lemuel_round_altar, first_bread,
          grunt_decor_cap, grunt_ministairs_10, xom_teletrap_fun
D:4:      tgw_sif, kennysheep_windowed_goal
D:5:      grunt_temple_overflow_gold_and_silver, kennysheep_mini,
          minmay_joined_circles, uniq_grinder

Skill      XL: |  1  2  3  4  5  6 |
---------------+-------------------+-----
Polearms       | 5 6 7 |  7.7
Fighting       | 3 4 |  4.2
Dodging        | 5 |  5.9
Throwing       | |  2.0

Action                   |  1- 3 |  4- 6 || total
-------------------------+-------+-------++-------
Melee: Trident           |    78 |   205 ||   283
       Tailslap          |       |     1 ||     1
Throw: Throwing net      |       |     4 ||     4
  Use: Potion            |       |     4 ||     4
 Stab: Sleeping          |     2 |     1 ||     3
  Eat: Chunk             |     1 |     9 ||    10
Armor: Leather armour    |    16 |    26 ||    42
Dodge: Dodged            |    37 |    82 ||   119
